 Dungeon Crawl Stone Soup version 0.32-a0-119-g2e8054a (webtiles) character file.

Game seed: 2994837244748534537

348 Dawnplanks the Covered (level 6, -1/48 HPs)
             Began as a Demonspawn Fighter on Feb 6, 2024.
             Slain by a bombardier beetle (2 damage)
             ... on level 3 of the Dungeon.
             The game lasted 00:06:15 (2593 turns).

Dawnplanks the Covered (Demonspawn Fighter)         Turns: 2593, Time: 00:06:16

Health: -1/48      AC: 11    Str: 18    XL:     6   Next: 33%
Magic:  6/6        EV:  7    Int:  8    God:
Gold:   162        SH: 10    Dex: 13    Spells: 5/5 levels left

rFire   . . .        g - +0 spear (vamp)
rCold   . . .        c - +0 buckler
rNeg    . . .        r - +0 chain mail
rPois   .            (helmet restricted)
rElec   .            (no cloak)
rCorr   .            (no gloves)
SInv    .            (no boots)
Will    +....        k - amulet of reflection Stlth
                     (no ring)
HPRegen 0.28/turn    (no ring)
MPRegen 0.10/turn

%: reflection
@: on fire, enlightened, flying, glowing
A: horns 2, thin metallic scales 1
a: no special abilities


You were on level 3 of the Dungeon.
You visited 1 branch of the dungeon, and saw 3 of its levels.
You also visited: Sewer.

You collected 162 gold pieces.

Inventory:

Hand Weapons
 a - a +0 flail
 g - a +0 vampiric spear (weapon)
Armour
 c - a +0 buckler (worn)
 r - a +0 chain mail (worn)
Jewellery
 k - an amulet of reflection (around neck)
Wands
 q - a wand of mindburst (18)
Scrolls
 b - a scroll of poison {unknown}
 f - 2 scrolls of noise {unknown}
 h - a scroll of identify {unknown}
 j - a scroll of acquirement {unknown}
 p - 3 scrolls of blinking {unknown}
 s - a scroll of butterflies {unknown}
Potions
 d - 2 potions of might
 e - a potion of enlightenment
 i - a potion of ambrosia {unknown}
 l - a potion of curing {unknown}
 m - a potion of heal wounds {unknown}
 n - 2 potions of mutation {unknown}
 o - a potion of haste {unknown}


   Skills:
 + Level 3.7 Fighting
 + Level 3.0 Maces & Flails
 + Level 2.1 Polearms
 + Level 4.2 Armour
 + Level 1.0 Dodging
 + Level 3.5 Shields


You had 5 spell levels left.
You didn't know any spells.
Your spell library contained the following spells:

 Spells                   Type           Power      Damage    Failure   Level
 Lesser Beckoning         Tloc           0%         N/A       100%        2
 Gell's Gravitas          Tloc           0%         N/A       100%        3
 Summon Ice Beast         Ice/Summ       0%         N/A       100%        3
 Teleport Other           Tloc           0%         N/A       100%        3
 Summon Mana Viper        Hex/Summ       0%         N/A       100%        5
 Monstrous Menagerie      Summ           0%         N/A       100%        7


Dungeon Overview and Level Annotations

Branches:
Dungeon (3/15)              Sewer (visited)

Altars:
Dithmenos


Innate Abilities, Weirdness & Mutations

You have a pair of horns on your head.
You are partially covered in thin metallic scales. (AC +2)


Message History

The liquid fire burns you!
You block the bombardier beetle's attack.
You hit the bombardier beetle but do no damage.
The bombardier beetle is lightly wounded.
The liquid fire burns you!
The bombardier beetle bites you but does no damage.
You hit the bombardier beetle but do no damage.
The bombardier beetle is lightly wounded.
The liquid fire burns you!
You are too injured to fight recklessly!
You are too injured to fight recklessly!
You hit the bombardier beetle but do no damage.
You headbutt the bombardier beetle, but do no damage.
The bombardier beetle is lightly wounded.
The liquid fire burns you!
You block the bombardier beetle's attack.
You hit the bombardier beetle.
You feel better.
The bombardier beetle is lightly wounded.
The liquid fire burns you!
You block the bombardier beetle's attack.
You hit the bombardier beetle but do no damage.
The bombardier beetle is lightly wounded.
The liquid fire burns you!
* * * LOW HITPOINT WARNING * * *
You hit the bombardier beetle but do no damage.
The bombardier beetle is lightly wounded.
The liquid fire burns you!
* * * LOW HITPOINT WARNING * * *
You block the bombardier beetle's attack.
You barely miss the bombardier beetle.
The bombardier beetle is lightly wounded.
The liquid fire burns you!
* * * LOW HITPOINT WARNING * * *
It was a potion of enlightenment.
You feel very buoyant.
You fly up into the air.
The liquid fire burns you!
* * * LOW HITPOINT WARNING * * *
The bombardier beetle bites you.
You die...

........ ## .####### .#
#.# # #.# #.# #.# #.#
##.### #.### ###....#
#.#.## #
.####...##.#####....####
......B@...............'
###........#####....####
##.##.#### #.....## # #
#.# #....## #.# #.<.##
#.# ##.## #.# #.# #.#
#.####### #.......#


You could see a bombardier beetle.

Vanquished Creatures
  A kobold brigand (Sewer)
  A scorpion (D:3)
  A bombardier beetle (D:3)
  Robin (D:3)
  A gnoll (D:1)
  A river rat (Sewer)
  8 adders
  4 ribbon worms
  A dart slug (D:2)
  12 ball pythons
  5 endoplasms
  4 giant cockroaches
  12 goblins
  4 hobgoblins
  3 quokkas
  A bat (D:2)
  2 frilled lizards
  10 kobolds
  9 rats
81 creatures vanquished.

Notes
Turn   | Place    | Note
-------+----------+-------------------------------------------
     0 | D:1      | Dawnplanks the Demonspawn Fighter began the quest for the
                  | Orb.
     0 | D:1      | Reached XP level 1. HP: 18/18 MP: 1/1
   386 | D:1      | Reached skill level 3 in Armour
   386 | D:1      | Gained mutation: You have a pair of small horns on your
                  | head. [demonic ancestry]
   386 | D:1      | Reached XP level 2. HP: 19/24 MP: 2/2
   955 | D:2      | Reached XP level 3. HP: 28/29 MP: 3/3
  1355 | D:2      | Gained mutation: You have a pair of horns on your head.
                  | [demonic ancestry]
  1355 | D:2      | Reached XP level 4. HP: 35/35 MP: 4/4
  1458 | D:3      | Noticed Robin
  1486 | D:3      | Killed Robin
  1487 | D:3      | Reached skill level 1 in Polearms
  1490 | D:3      | Found a glowing drain.
  1512 | D:3      | Reached XP level 5. HP: 31/41 MP: 5/5
  1655 | Sewer    | Entered a sewer
  2044 | Sewer    | Reached skill level 4 in Armour
  2044 | Sewer    | Reached skill level 1 in Dodging
  2044 | Sewer    | Gained mutation: You are partially covered in thin metallic
                  | scales. (AC +2) [demonic ancestry]
  2044 | Sewer    | Reached XP level 6. HP: 22/48 MP: 6/6
  2225 | D:3      | Found a shadowy altar of Dithmenos.
  2593 | D:3      | HP: 1/48 [burnt (2)]
  2593 | D:3      | Slain by a bombardier beetle

Illustrated notes

Levels and vault maps discovered:
D:1:      tekkud_arrival_beachfront_property, layout_loops_ring, serial_forest,
          infiniplex_forest_straight_2, infiniplex_forest_clump_long,
          infiniplex_forest_join, infiniplex_forest_clump_diagonal,
          infiniplex_forest_3_way, infiniplex_forest_lined_room_,
          infiniplex_forest_clump_long
D:2:      layout_basic, kennysheep_generic_room_15
D:3:      layout_loops_corners, nicolae_dithmenos_the_darkroom,
          gup_sewer_entry_glass, gammafunk_ghost_icy, uniq_robin

Skill      XL: |  1  2  3  4  5  6 |
---------------+-------------------+-----
Maces & Flails | 2 3 |  3.0
Armour         | 3 4 |  4.2
Shields        | 3 |  3.5
Polearms       | 1 2 |  2.1
Dodging        | 1 |  1.0
Fighting       | |  3.7

Action                     |  1- 3 |  4- 6 || total
---------------------------+-------+-------++-------
  Melee: Flail             |    57 |       ||    57
         Headbutt          |     7 |    31 ||    38
         Spear             |    32 |   242 ||   274
    Use: Potion            |       |     1 ||     1
 Armour: Scale mail        |    52 |   129 ||   181
         Chain mail        |       |    10 ||    10
  Dodge: Dodged            |    36 |    72 ||   108
  Block: Buckler           |    16 |   124 ||   140
         Reflection        |       |     1 ||     1

Table legend: (Time is in decaauts)
 A = Elapsed time spent in this place.
 B = Non-inter-level travel time spent in this place.
 C = Inter-level travel time spent in this place.
 D = Time resting spent in this place.
 E = Time spent auto-exploring this place.
 F = Levels seen in this place.
 G = Mean time per level.
                   A        B        C        D        E       F      G
               +--------+--------+--------+--------+--------+-----+--------+
         Total |   2704 |   2617 |     87 |      0 |   1877 |   4 |  676.0 |
       Dungeon |   2100 |   2013 |     87 |      0 |   1449 |   3 |  700.0 |
         Sewer |    604 |    604 |      0 |      0 |    428 |   1 |  604.0 |
               +--------+--------+--------+--------+--------+-----+--------+

Top non-repeatable levels by time:
     D:1: 930 daAuts
     D:3: 632 daAuts
   Sewer: 604 daAuts
     D:2: 538 daAuts
